 Dungeon Crawl Stone Soup version 0.32-a0-900-g30fb1b0edc (webtiles) character file.

Game seed: 7344643067279177744

1090 Pooter the Cleaver (level 8, -2/71 HPs)
             Began as a Minotaur Berserker on Apr 5, 2024.
             Was a Believer of Trog.
             Killed from afar by Dowan (16 damage)
             ... with a shard of ice
             ... on level 5 of the Dungeon.
             The game lasted 00:18:37 (4123 turns).

Pooter the Cleaver (Minotaur Berserker)             Turns: 4123, Time: 00:18:37

Health: -2/71      AC:  7    Str: 24    XL:     8   Next: 9%
Magic:  7/7        EV:  9    Int:  4    God:    Trog [**....]
Gold:   154        SH:  0    Dex: 10    Spells: 7/7 levels left

rFire   + . .        a - +0 halberd
rCold   . . .        (shield currently unavailable)
rNeg    . . .        w - +0 scale mail
rPois   .            (helmet restricted)
rElec   .            g - +0 cloak
rCorr   .            (no gloves)
SInv    .            (no boots)
Will    +....        c - amulet of the acrobat Stlth
                     d - ring of willpower
HPRegen 0.31/turn    F - ring of protection from fire
MPRegen 0.10/turn

%: acrobat
@: lethally poisoned (-2 -> -5), on berserk cooldown, slowed, studying Shields,
invisible, very slow
A: horns 2, retaliatory headbutt
a: Renounce Religion, Berserk, Trog's Hand


You were on level 5 of the Dungeon.
You worshipped Trog.
Trog was pleased with you.
You visited 1 branch of the dungeon, and saw 5 of its levels.

You collected 294 gold pieces.
You spent 140 gold pieces at shops.

Inventory:

Hand Weapons
 a - a +0 halberd (weapon)
   (You took it off a gnoll on level 3 of the Dungeon)
 b - a +0 orcbow
   (You took it off a centaur on level 5 of the Dungeon)
 h - a +0 trident
   (You found it on level 1 of the Dungeon)
 o - a +0 sling
   (You found it on level 2 of the Dungeon)
 q - a +0 hand axe
Missiles
 k - 6 boomerangs (quivered)
 Q - 51 stones
Armour
 g - a +0 cloak (worn)
   (You found it on level 1 of the Dungeon)
 w - a +0 scale mail (worn)
   (You found it on level 4 of the Dungeon)
Jewellery
 c - an amulet of the acrobat (around neck)
   (You found it on level 1 of the Dungeon)
 d - a ring of willpower (left hand)
   (You found it on level 1 of the Dungeon)
 F - a ring of protection from fire (right hand)
   (You found it on level 4 of the Dungeon)
Wands
 x - a wand of quicksilver (1)
   (You took it off Ijyb on level 5 of the Dungeon)
Scrolls
 l - 2 scrolls of enchant weapon
 m - 2 scrolls of fear
 n - 2 scrolls of noise {!r}
 p - 3 scrolls of amnesia {unknown}
 r - a scroll of butterflies {unknown}
 t - 2 scrolls of teleportation {@r4}
 u - 2 scrolls of vulnerability {unknown}
 v - a scroll of fog
Potions
 e - a potion of heal wounds {@q2}
 f - a potion of invisibility
 i - a potion of brilliance {unknown}
 j - 2 potions of haste {@q3}


   Skills:
 + Level 6.3 Fighting
 * Level 8.2 Axes
 * Level 3.8 Ranged Weapons
 - Level 4.0 Throwing
 - Level 2.4 Armour
 - Level 2.1 Dodging


You had 7 spell levels left.
You didn't know any spells.
Your spell library was empty.

Dungeon Overview and Level Annotations

Branches:
Dungeon (5/15) Zot: 25789  Temple (0/1) D:5

Altars:
Kikubaaqudgha
Qazlal
Ru

Shops:
D:2 ?   D:3 =

Annotations:
D:5 Dowan


Innate Abilities, Weirdness & Mutations

You have a pair of horns on your head.
You reflexively headbutt those who attack you in melee.


Message History

You barely miss Dowan.
You feel very sick. Dowan hits you but does no damage.
You are more poisoned.
Dowan hits you but does no damage.
You are more poisoned.
Dowan points at you and mumbles some strange words.
The stone arrow hits you!
* * * LOW HITPOINT WARNING * * *
You closely miss Dowan. You headbutt Dowan!
Your skin stops crawling.
You feel less strong-willed.
* * * LOW HITPOINT WARNING * * *
You feel extremely sick. Dowan hits you but does no damage. x2
You barely miss Dowan. Your headbutt misses Dowan.
You feel very sick.
Dowan hits you with a +1 dagger of venom.
* * * LOW HITPOINT WARNING * * *
Dowan hits you with a +1 dagger of venom.
* * * LOW HITPOINT WARNING * * *
Dowan gestures wildly while chanting.
Dowan blinks!
You fade into invisibility!
You feel very sick.
Dowan points at you and mumbles some strange words.
The shard of ice misses you.
It was a potion of curing.
You feel better. Dowan casts a spell at you. The stone arrow hits you!
* * * LOW HITPOINT WARNING * * *
You feel better.
Dowan mumbles some strange words.
Dowan blinks!
It was a potion of heal wounds.
You feel much better.
You are too injured to fight recklessly!
You are too injured to fight recklessly!
Reach: a) +0 halberd
Press: ? - help, Dir - move target, f/p - Dowan
Aim: Dowan, wielding a +1 dagger of venom and wearing a +0 robe (severely wounded, fast, unable to see you, about 59% to evade your +0 halberd)
You reach to attack!
You closely miss Dowan.
Dowan points at you and mumbles some strange words.
The stone arrow hits you!
* * * LOW HITPOINT WARNING * * *
Dowan hits you but does no damage.
You are poisoned.
You closely miss Dowan. Your headbutt misses Dowan.
You feel very sick. Dowan gestures at you while chanting.
The shard of ice hits you!
You die...

..................###'###.
.............###..#.....#.
..................#.....#.
..................#.._..#.
.................)#.....#.
.....#.#######...#.....#.
### #..# ##..#######.
#.e### #.......... #..#@.#
#...##...#. #.##)##
#.######... ## #.# #.##
###. ### ##.# ## ###


You could see Dowan (fast, unable to see you).

Vanquished Creatures
  Menkaure (D:4)
  Duvessa (D:5)
  A black bear (D:4)
  An ice beast (D:5)
  2 centaurs (D:5)
  The ghost of Pokonic1 the Digger, an amateur MDEE (D:3)
  A scorpion (D:4)
  The ghost of Doorstop00 the Chopper, a weakling MiBe of Trog (D:3)
  A hound (D:4)
  A jelly (D:4)
  Ijyb (D:5)
  A sleepcap (D:5)
  Natasha (twice) (D:4)
  An orc wizard (D:3)
  4 gnolls
  6 adders
  2 ribbon worms (D:2)
  2 orcs
  6 ball pythons
  2 endoplasms
  A giant cockroach (D:2)
  5 goblins
  3 hobgoblins
  4 jackals (D:1)
  5 quokkas
  9 bats
  3 frilled lizards (D:2)
  A kobold (D:4)
  4 rats
  A butterfly (D:1)
74 creatures vanquished.

Notes
Turn   | Place    | Note
-------+----------+-------------------------------------------
     0 | D:1      | Pooter the Minotaur Berserker began the quest for the Orb.
     0 | D:1      | Reached XP level 1. HP: 19/19 MP: 0/0
   116 | D:1      | Reached skill level 4 in Axes
   119 | D:1      | Reached XP level 2. HP: 23/27 MP: 1/1
   820 | D:2      | Reached XP level 3. HP: 30/33 MP: 2/2
   856 | D:2      | Found a faded altar of an unknown god.
   964 | D:2      | Found The Oracle's Delphic Readings.
   967 | D:2      | Reached skill level 1 in Throwing
   985 | D:2      | Bought a scroll of identify for 28 gold pieces
   990 | D:2      | Reached ** piety under Trog
  1530 | D:2      | Bought a scroll of teleportation for 42 gold pieces
  1530 | D:2      | Bought a scroll of noise for 14 gold pieces
  1554 | D:3      | Reached skill level 5 in Axes
  1554 | D:3      | Reached XP level 4. HP: 41/41 MP: 3/3
  1742 | D:3      | Found a stormy altar of Qazlal.
  2040 | D:3      | Found a runed translucent gate.
  2041 | D:3      | Found a runed translucent gate.
  2042 | D:3      | Found a runed translucent gate.
  2045 | D:3      | Noticed Pokonic1's ghost (amateur MDEE)
  2045 | D:3      | Noticed Doorstop00's ghost (weakling MiBe)
  2118 | D:2      | Bought a scroll of fog for 56 gold pieces
  2321 | D:3      | Found a sacrificial altar of Ru.
  2331 | D:3      | Reached XP level 5. HP: 47/47 MP: 4/4
  2338 | D:3      | Found Isadduus's Jewellery Emporium.
  2426 | D:3      | Killed Pokonic1's ghost
  2428 | D:3      | Killed Doorstop00's ghost
  2429 | D:3      | Reached skill level 5 in Fighting
  2429 | D:3      | Reached skill level 6 in Axes
  2429 | D:3      | Reached XP level 6. HP: 56/56 MP: 5/5
  2731 | D:4      | Noticed Menkaure
  2749 | D:4      | Killed Menkaure
  2960 | D:4      | Reached XP level 7. HP: 60/61 MP: 6/6
  3052 | D:4      | Reached skill level 7 in Axes
  3052 | D:4      | Reached skill level 1 in Ranged Weapons
  3538 | D:4      | Noticed Natasha
  3542 | D:4      | Killed Natasha
  3679 | D:4      | Noticed Natasha
  3685 | D:4      | Killed Natasha
  3696 | D:5      | Entered Level 5 of the Dungeon
  3696 | D:5      | Found a staircase to the Ecumenical Temple.
  3859 | D:5      | Reached skill level 8 in Axes
  3947 | D:5      | Noticed Ijyb
  3955 | D:5      | Killed Ijyb
  4016 | D:5      | Found an ancient bone altar of Kikubaaqudgha.
  4083 | D:5      | Noticed Duvessa
  4083 | D:5      | Noticed Dowan
  4097 | D:5      | Killed Duvessa
  4098 | D:5      | Reached XP level 8. HP: 71/71 MP: 7/7
  4119 | D:5      | HP: 3/71 [Dowan/stone arrow (12)]
  4123 | D:5      | Killed from afar by Dowan

Illustrated notes

Levels and vault maps discovered:
D:1:      lordsloth_arrival_two_stooges, layout_basic, hangedman_glass_garden,
          serial_park_tiny_1, minivault_27
D:2:      layout_loops_ring, hellmonk_ecumenical_altar_heavens_door,
          nicolae_nh_oracle_at_delphi
D:3:      layout_loops_cross, nicolae_overflow_hidden_temple,
          nicolae_ru_great_annihilating_truth, gammafunk_ghost_cemetery,
          serial_shops, shop
D:4:      layout_basic, uniq_natasha, uniq_menkaure
D:5:      layout_layer_cave, amcnicky_altar_gilded,
          mainiacjoe_overflow_surrounded_room,
          minmay_temple_entry_statues_fountains, serial_shops,
          nicolae_shop_advertising_works [nicolae_subvault_shop_adworks],
          minmay_manual_mares, uniq_duvessa, uniq_ijyb

Skill      XL: |  1  2  3  4  5  6  7 |
---------------+----------------------+-----
Axes           | 4 5 6 8 |  8.2
Fighting       | 4 5 6 |  6.3
Throwing       | 1 2 3 4 |  4.0
Ranged Weapons | 3 |  3.8
Armour         | |  2.4
Dodging        | |  2.1

Action                     |  1- 3 |  4- 6 |  7- 9 || total
---------------------------+-------+-------+-------++-------
  Melee: Hand axe          |    18 |     8 |       ||    26
         Headbutt          |     9 |     8 |    10 ||    27
         Trident           |    62 |     8 |       ||    70
         Halberd           |       |    53 |    46 ||    99
   Fire: Sling             |       |    11 |    13 ||    24
         Orcbow            |       |       |     6 ||     6
  Throw: Boomerang         |     3 |       |     6 ||     9
 Invoke: Berserk           |       |     2 |     3 ||     5
         Trog's Hand       |       |     2 |     3 ||     5
    Use: Scroll            |     3 |       |       ||     3
         Potion            |       |       |     4 ||     4
   Stab: Sleeping          |     1 |       |       ||     1
         Invisible         |       |     1 |       ||     1
         Paralysed         |       |     1 |       ||     1
 Armour: Animal skin       |    41 |       |       ||    41
         Ring mail         |     3 |    45 |    12 ||    60
         Scale mail        |       |       |    40 ||    40
  Dodge: Dodged            |    55 |    44 |    23 ||   122

Table legend: (Time is in decaauts)
 A = Elapsed time spent in this place.
 B = Non-inter-level travel time spent in this place.
 C = Inter-level travel time spent in this place.
 D = Time resting spent in this place.
 E = Time spent auto-exploring this place.
 F = Levels seen in this place.
 G = Mean time per level.
                   A        B        C        D        E       F      G
               +--------+--------+--------+--------+--------+-----+--------+
         Total |   4209 |   4007 |    202 |    696 |   2591 |   5 |  841.8 |
       Dungeon |   4209 |   4007 |    202 |    696 |   2591 |   5 |  841.8 |
               +--------+--------+--------+--------+--------+-----+--------+

Top non-repeatable levels by time:
     D:4: 1193 daAuts
     D:2: 1004 daAuts
     D:3: 903 daAuts
     D:1: 656 daAuts
     D:5: 450 daAuts
